 Dungeon Crawl Stone Soup version 0.30.0-29-ga12c61a403 (webtiles) character file.

Game seed: 1344219575458538009

1752 IndexError the Thaumaturge (level 9, -1/62 HPs)
             Began as a Djinni Conjurer on June 7, 2023.
             Was an Initiate of Ashenzari.
             Slain by an orc wizard
             ... wielding a +0 dagger
              (3 damage)
             ... on level 6 of the Dungeon.
             The game lasted 00:09:20 (5629 turns).

IndexError the Thaumaturge (Djinni Conjurer)        Turns: 5629, Time: 00:09:20

Health: -1/62      AC:  7    Str:  6    XL:     9   Next: 27%
Gold:   352        EV: 17    Int: 24    God:    Ashenzari [......] SH:  0 Dex: 12

rFire   + + +        u - staff of fire {rF+}
rCold   x . .        (no shield)
rNeg    . . .        a - +0 robe
rPois   ∞            (no helmet)
rElec   .            y - +0 cloak
rCorr   .            (no gloves)
SInv    .            (boots unavailable)
Will    .....        (no amulet)
Stlth   ++           n - +4 ring of protection
HPRegen 0.30/turn    B - +5 ring of evasion
MPRegen 0.00/turn

%: infuse magic (-2 HP)
@: flying
A: sickness immunity, fire resistance 2, cold vulnerability 1, float, innate
caster, HP casting, extra vitality 1
a: Renounce Religion, Curse Item


You were on level 6 of the Dungeon.
You worshipped Ashenzari.
Ashenzari was noncommittal.
You visited 2 branches of the dungeon, and saw 7 of its levels.

You collected 352 gold pieces.

Inventory:

Hand Weapons
 p - a +0 whip of draining
   (You took it off an orc on level 3 of the Dungeon)
Missiles
 t - 2 throwing nets {=f, !d}
 A - 4 javelins
Armour
 a - a +0 robe (worn)
 y - a +0 cloak (worn)
   (You took it off Crazy Yiuf on level 4 of the Dungeon)
 D - the +2 leather armour "Namm" {rF++}
   (You found it on level 5 of the Dungeon)

   rF:        It greatly protects you from fire.
Magical Staves
 u - a staff of fire (weapon) {rF+}
   (You found it on level 3 of the Dungeon)
Jewellery
 n - a +4 ring of protection (left hand)
   (You found it on level 1 of the Dungeon)
 B - a +5 ring of evasion (right hand)
   (You found it on level 5 of the Dungeon)
Scrolls
 b - 2 scrolls of fog {unknown}
 d - a scroll of brand weapon {unknown}
 g - 4 scrolls of torment {unknown}
 h - a scroll of silence {unknown}
 i - 4 scrolls of vulnerability {unknown}
 j - a scroll of fear {unknown}
 l - 8 scrolls of identify {unknown}
 m - a scroll of noise {unknown}
 r - a scroll of immolation {unknown}
 s - a scroll of magic mapping {unknown}
 v - a scroll of poison {unknown}
 w - 2 scrolls of blinking {unknown}
 C - 2 scrolls of teleportation {unknown}
 E - a scroll of enchant armour {unknown}
 F - a scroll of enchant weapon {unknown}
Potions
 c - 2 potions of attraction {unknown}
 e - 2 potions of lignification {unknown}
 f - a potion of magic {unknown}
 k - a potion of haste {unknown}
 o - a potion of berserk rage {unknown}
 q - 2 potions of resistance {unknown}
 x - 2 potions of curing {unknown}
 z - a potion of might {unknown}


   Skills:
 + Level 4.2 Fighting
 - Level 2.1 Dodging
 - Level 1.5 Stealth
 + Level 8.7 Spellcasting


You knew the following spells:

 Your Spells              Type           Power      Damage    Failure   Level
a - Magic Dart            Conj           100%       1d8       1%          1
b - Searing Ray           Conj           100%       2d8       1%          2
c - Dazzling Flash        Conj/Hex       100%       N/A       1%          3
d - Fulminant Prism       Conj/Hex       25%        3d14      1%          4
e - Sandblast             Erth           100%       2d20      1%          1
f - Cause Fear            Hex            25%        N/A       1%          4
s - Swiftness             Air            51%        N/A       1%          3
w - Passwall              Tmut/Erth      42%        N/A       1%          2
x - Iskenderun's Mystic   Conj/Tloc      51%        2d11      1%          4
Your spell library was empty.

Dungeon Overview and Level Annotations

Branches:
Dungeon (6/15)             Temple (1/1) D:4

Altars:
Ashenzari
Elyvilon
Fedhas
Gozag
Hepliaklqana
Makhleb
Nemelex Xobeh
Okawaru
Ru
Trog
Uskayaw
Wu Jian
Xom
Zin
The Shining One

Shops:
D:2 :   D:3 :


Innate Abilities, Weirdness & Mutations

You are immune to sickness and miasma.
You are immune to poison.
Your flesh is very heat resistant. (rF++)
You are vulnerable to cold. (rC-)
You float through the air rather than walking.
You learn spells naturally, not from books.
Your magical power is your life essence.
You have superior vitality. (+4 MHP)


Message History

The orc wizard zaps a wand.
The mass of ice explodes!
The iceblast engulfs you!
You feel a painful chill!
You hear a shout! x5
The magic dart hits the orc wizard.
You take 14 damage, and have 48/62 hp.
MASSIVE DAMAGE!!
The magic dart hits the orc wizard but does no damage.
The magic dart hits the orc wizard but does no damage.
The orc wizard hits you with a +0 war axe.
You take 3 damage, and have 45/62 hp.
The magic dart hits the orc wizard but does no damage.
The orc wizard completely misses you.
You take 1 damage, and have 44/62 hp.
Casting: Magic Dart (safe; 1% risk of failure)
Confirm with . or Enter, or press ? or * to list all spells.
You erupt in a blast of force!
The mystic blast hits the orc wizard!
You take 3 damage, and have 41/62 hp.
An orc warrior comes into view. It is wielding a +0 glaive.
An orc warrior is nearby!
Casting: Iskenderun's Mystic Blast (dangerous; 1% risk of failure)
Confirm with . or Enter, or press ? or * to list all spells.
Aiming: Fulminant Prism (dangerous; 1% risk of failure)
Press: ? - help, Dir - move target You conjure a prism of explosive energy!
A fulminant prism comes into view.
You take 4 damage, and have 38/62 hp.
Casting: Fulminant Prism (dangerous; 1% risk of failure)
Confirm with . or Enter, or press ? or * to list all spells.
Aiming: Searing Ray (safe; 1% risk of failure)
Press: ? - help, Shift-Dir - straight line, f - orc warrior
Aim: an orc warrior, wielding a +0 glaive and wearing a +0 chain mail (ally target, 81% to hit)
The searing ray hits the orc warrior. (Press . to maintain the ray.)
Your fulminant prism crackles loudly.
You take 1 damage, and have 37/62 hp.
The searing ray hits the orc warrior.
The orc warrior hits you from afar with a +0 glaive!
The blast of energy engulfs the orc warrior!
You take 8 damage, and have 29/62 hp.
The searing ray hits the orc warrior but does no damage.
The orc warrior hits you from afar with a +0 glaive!
* * * LOW HITPOINT WARNING * * *
You take 17 damage, and have 12/62 hp.
MASSIVE DAMAGE!!
Casting: Searing Ray (safe; 1% risk of failure)
Confirm with . or Enter, or press ? or * to list all spells.
You erupt in a blast of force!
The mystic blast hits the orc warrior!
* * * LOW HITPOINT WARNING * * *
Your Fighting skill increases to level 4!
You take 3 damage, and have 9/62 hp.
An orc wizard comes into view. It is wielding a +0 dagger.
Casting: Iskenderun's Mystic Blast (dangerous; 1% risk of failure)
Confirm with . or Enter, or press ? or * to list all spells.
Aiming: Searing Ray (safe; 1% risk of failure)
Press: ? - help, Shift-Dir - straight line, f - orc wizard
Aim: an orc wizard, wielding a +0 dagger and wearing a +0 robe (79% to hit)
The searing ray hits the orc wizard! (Press . to maintain the ray.)
* * * LOW HITPOINT WARNING * * *
You take 1 damage, and have 9/62 hp.
The searing ray misses the orc wizard.
* * * LOW HITPOINT WARNING * * *
An orc comes into view. It is wielding a +0 club.
You take 1 damage, and have 8/62 hp.
The searing ray misses the orc wizard.
* * * LOW HITPOINT WARNING * * *
You take 1 damage, and have 7/62 hp.
The searing ray misses the orc wizard.
* * * LOW HITPOINT WARNING * * *
You finish channelling your searing ray.
The orc wizard mumbles some strange words.
The orc wizard flickers and vanishes!
Deactivating autopickup; reactivate with Ctrl-A.
Casting: Searing Ray (safe; 1% risk of failure)
Confirm with . or Enter, or press ? or * to list all spells.
Okay, then.
Casting: Searing Ray (safe; 1% risk of failure)
Confirm with . or Enter, or press ? or * to list all spells.
You erupt in a blast of force!
The mystic blast hits something but does no damage.
* * * LOW HITPOINT WARNING * * *
You hear a shout!
Something hits you but does no damage.
You take 4 damage, and have 3/62 hp.
Casting: Iskenderun's Mystic Blast (dangerous; 1% risk of failure)
Confirm with . or Enter, or press ? or * to list all spells.
Aiming: Magic Dart (safe; 1% risk of failure)
Press: ? - help, Shift-Dir - straight line, f - orc
Aim: an orc, wielding a +0 club and wearing a +0 chain mail (100% to hit)
The magic dart hits something.
* * * LOW HITPOINT WARNING * * *
Something hits you but does no damage.
You take 1 damage, and have 2/62 hp.
Casting: Magic Dart (safe; 1% risk of failure)
Confirm with . or Enter, or press ? or * to list all spells.
Aiming: Magic Dart (safe; 1% risk of failure)
Press: ? - help, Shift-Dir - straight line, f/p - orc
Aim: an orc, wielding a +0 club and wearing a +0 chain mail (100% to hit)
The magic dart hits something but does no damage.
* * * LOW HITPOINT WARNING * * *
Something hits you.
You die...

#<))...###.# ...
###))......# ##.# #.########
# #... #.# # ~##..# #.# ##
~#..# #.# ##. #..# ##.##
##..
######..##########...####...
+........o{@............'...
#.....)###########...####...
####.)# #..## ##.. #o#
###.## ##. #. ##.#.# ## #
#....# # ##.### ####.####
#.......########


You could see an orc.

Vanquished Creatures
  Maggie (D:6)
  A steam dragon (D:6)
  An orc warrior (D:6)
  Duvessa (D:6)
  An ice beast (D:6)
  A black bear (D:5)
  3 wights (D:6)
  Dowan (D:6)
  3 killer bees (D:5)
  A gnoll bouda (D:5)
  An orc priest (D:3)
  Crazy Yiuf (D:4)
  2 hounds
  A jelly (D:4)
  A sleepcap (D:4)
  3 iguanas
  An orc wizard (D:6)
  Natasha (twice) (D:2)
  10 gnolls
  5 adders
  A shadow imp (D:6)
  3 ufetubi (D:5)
  A worm (D:4)
  4 dart slugs
  19 orcs
  7 bats
  5 endoplasms
  4 giant cockroaches
  10 goblins
  10 hobgoblins
  6 quokkas
  6 ball pythons
  4 frilled lizards (D:3)
  6 kobolds
  11 rats
138 creatures vanquished.

Vanquished Creatures (others)
  8 fulminant prisms
8 creatures vanquished.

Grand Total: 146 creatures vanquished

Notes
Turn   | Place    | Note
-------+----------+-------------------------------------------
     0 | D:1      | IndexError the Djinni Conjurer began the quest for the Orb.
     0 | D:1      | IndexError set off with the following spells memorised:
                  | Magic Dart, Searing Ray, Dazzling Flash, Fulminant Prism,
                  | Iskenderun's Mystic Blast.
     0 | D:1      | Reached XP level 1. HP: 15/15 MP: 0/0
   142 | D:1      | Reached XP level 2. HP: 19/21 MP: 0/0
   498 | D:1      | Reached XP level 3. HP: 24/25 MP: 0/0
   498 | D:1      | Learned a level 1 spell: Sandblast
   750 | D:2      | Reached skill level 4 in Spellcasting
   906 | D:2      | Noticed Natasha
   912 | D:2      | Killed Natasha
   913 | D:2      | Reached XP level 4. HP: 16/31 MP: 0/0
  1025 | D:2      | Found Roazaus's Book Emporium.
  1725 | D:2      | Noticed Natasha
  1731 | D:2      | Killed Natasha
  1732 | D:2      | Reached XP level 5. HP: 32/35 MP: 0/0
  1732 | D:2      | Learned a level 2 spell: Passwall
  1927 | D:3      | Reached skill level 5 in Spellcasting
  2031 | D:3      | Found Meinucw's Book Emporium.
  2360 | D:3      | Reached XP level 6. HP: 37/40 MP: 0/0
  2486 | D:3      | Found a sparkling altar of Nemelex Xobeh.
  2487 | D:3      | Found an opulent altar of Gozag.
  2574 | D:3      | Found a hide-covered altar of Uskayaw.
  2731 | D:4      | Found a shimmering altar of Xom.
  3452 | D:4      | Reached skill level 6 in Spellcasting
  3478 | D:4      | Found a staircase to the Ecumenical Temple.
  3487 | Temple   | Entered the Ecumenical Temple
  3550 | Temple   | Became a worshipper of Ashenzari the Shackled
  3639 | D:4      | Reached XP level 7. HP: 43/45 MP: 0/0
  3639 | D:4      | Learned a level 3 spell: Swiftness
  3895 | D:4      | Found a runed translucent door.
  3896 | D:4      | Noticed Crazy Yiuf
  4103 | D:4      | Found an iron altar of Okawaru.
  4177 | D:4      | Killed Crazy Yiuf
  4251 | D:5      | Entered Level 5 of the Dungeon
  4550 | D:5      | Identified the +2 leather armour "Namm" {rF++}
  4676 | D:5      | Found an ornate altar of the Wu Jian Council.
  4693 | D:5      | Reached skill level 7 in Spellcasting
  4693 | D:5      | Reached XP level 8. HP: 26/50 MP: 0/0
  5040 | D:5      | Noticed a moth of wrath
  5055 | D:5      | Found a bloodstained altar of Trog.
  5124 | D:6      | Noticed Dowan
  5173 | D:6      | Noticed Maggie
  5176 | D:6      | Reached skill level 8 in Spellcasting
  5176 | D:6      | Reached skill level 1 in Fighting
  5180 | D:6      | Killed Maggie
  5181 | D:6      | Reached skill level 2 in Fighting
  5260 | D:6      | Noticed Duvessa
  5268 | D:6      | Killed Duvessa
  5269 | D:6      | Reached skill level 3 in Fighting
  5269 | D:6      | Reached XP level 9. HP: 36/61 MP: 0/0
  5269 | D:6      | Learned a level 4 spell: Cause Fear
  5274 | D:6      | Killed Dowan
  5615 | D:6      | HP: 12/62 [orc warrior/+0 glaive (16)]
  5617 | D:6      | Reached skill level 4 in Fighting
  5629 | D:6      | Slain by an orc wizard

Illustrated notes

Levels and vault maps discovered:
D:1:      dpeg_arrival_water_temple_mockup, layout_rooms, dreamdust_wishing_well
D:2:      layout_basic, serial_shops, nicolae_shop_pleasant_corner_grove,
          uniq_natasha
D:3:      minmay_skewed_foursquare, layout_rooms,
          grunt_temple_overflow_opulence, lemuel_coloured_pillars_altar,
          serial_shops, shop
D:4:      layout_loops_corners, okawaru_altar_gauntlet_db,
          mainiacjoe_overflow_surrounded_room, minmay_temple_entry_arrows,
          uniq_crazy_yiuf_cottage
D:5:      layout_rooms, tgw_trog, amcnicky_altar_gilded,
          mainiacjoe_overflow_small_starburst, kennysheep_generic_room_13
D:6:      layout_loops_corners, serial_aquarium, aquarium_bridge_island_small
          [aquarium_subvault_small_water, aquarium_subvault_bridge,
          aquarium_subvault_wall, aquarium_subvault_bridge,
          aquarium_subvault_wall], aquarium_bridge_long_separate
          [aquarium_subvault_bridge, aquarium_subvault_bridge,
          aquarium_subvault_bridge, aquarium_subvault_bridge,
          aquarium_subvault_wall, aquarium_subvault_wall],
          aquarium_window_corridor_1, aquarium_window_fake, aquarium_window_2,
          aquarium_view_2c, aquarium_view_2e, uniq_maggie, uniq_duvessa
Temple:   cyrus_temple_forest

Skill      XL: |  1  2  3  4  5  6  7  8  9 |
---------------+----------------------------+-----
Spellcasting   | 4 5 6 7 8 |  8.7
Fighting       | 3 4 |  4.2
Dodging        | |  2.1
Stealth        | |  1.5

Action                     |  1- 3 |  4- 6 |  7- 9 || total
---------------------------+-------+-------+-------++-------
   Cast: Magic Dart        |    61 |   143 |    85 ||   289
         Searing Ray       |     1 |     6 |    14 ||    21
         Fulminant Prism   |       |       |     8 ||     8
         Iskenderun's Myst |       |       |     9 ||     9
 Armour: Robe              |       |     8 |     3 ||    11
  Dodge: Dodged            |     2 |    11 |    18 ||    31

Levels and vault maps discovered:
D:1:      dpeg_arrival_water_temple_mockup, layout_rooms, dreamdust_wishing_well
D:2:      layout_basic, serial_shops, nicolae_shop_pleasant_corner_grove,
          uniq_natasha
D:3:      minmay_skewed_foursquare, layout_rooms,
          grunt_temple_overflow_opulence, lemuel_coloured_pillars_altar,
          serial_shops, shop
D:4:      layout_loops_corners, okawaru_altar_gauntlet_db,
          mainiacjoe_overflow_surrounded_room, minmay_temple_entry_arrows,
          uniq_crazy_yiuf_cottage
D:5:      layout_rooms, tgw_trog, amcnicky_altar_gilded,
          mainiacjoe_overflow_small_starburst, kennysheep_generic_room_13
D:6:      layout_loops_corners, serial_aquarium, aquarium_bridge_island_small
          [aquarium_subvault_small_water, aquarium_subvault_bridge,
          aquarium_subvault_wall, aquarium_subvault_bridge,
          aquarium_subvault_wall], aquarium_bridge_long_separate
          [aquarium_subvault_bridge, aquarium_subvault_bridge,
          aquarium_subvault_bridge, aquarium_subvault_bridge,
          aquarium_subvault_wall, aquarium_subvault_wall],
          aquarium_window_corridor_1, aquarium_window_fake, aquarium_window_2,
          aquarium_view_2c, aquarium_view_2e, uniq_maggie, uniq_duvessa
Temple:   cyrus_temple_forest

Table legend: (Time is in decaauts)
 A = Elapsed time spent in this place.
 B = Non-inter-level travel time spent in this place.
 C = Inter-level travel time spent in this place.
 D = Time resting spent in this place.
 E = Time spent auto-exploring this place.
 F = Levels seen in this place.
 G = Mean time per level.
                   A        B        C        D        E       F      G
               +--------+--------+--------+--------+--------+-----+--------+
         Total |   5629 |   5160 |    469 |      0 |   4482 |   7 |  804.1 |
       Dungeon |   5541 |   5101 |    440 |      0 |   4433 |   6 |  923.5 |
        Temple |     87 |     58 |     29 |      0 |     49 |   1 |   87.0 |
               +--------+--------+--------+--------+--------+-----+--------+

Top non-repeatable levels by time:
     D:4: 1536 daAuts
     D:2: 1176 daAuts
     D:3: 867 daAuts
     D:5: 815 daAuts
     D:1: 671 daAuts
     D:6: 473 daAuts
  Temple: 87 daAuts

Table legend:
 A = Kills in this place as a percentage of kills in the entire game.
 B = Kills by you in this place as a percentage of kills by you in the entire game.
 C = Kills by friends in this place as a percentage of kills by friends in the entire game.
 D = Other kills in this place as a percentage of other kills in the entire game.
 E = Experience gained in this place as a percentage of experience gained in the entire game.
 F = Experience gained in this place divided by the number of levels of this place that you have seen.
                   A       B       C       D       E      F
               +-------+-------+-------+-------+-------+----------------------
         Total | 100.0 | 100.0 |   N/A |   N/A | 100.0 | 357.7
       Dungeon | 100.0 | 100.0 |   N/A |   N/A | 100.0 | 417.3
               +-------+-------+-------+-------+-------+----------------------
